 Dungeon Crawl Stone Soup version 0.26.1-11-gd32895ea62 (webtiles) character file.

Game seed: 6876437122820548781

175 phalm the Conjurer (level 5, 0/35 HPs)
             Began as a Demonspawn Conjurer on June 16, 2021.
             Slain by Grinder (7 damage)
             ... on level 3 of the Dungeon.
             The game lasted 00:04:45 (2449 turns).

phalm the Conjurer (Demonspawn Conjurer)            Turns: 2449, Time: 00:04:46

Health: 0/35       AC:  5    Str: 13    XL:     5   Next: 29%
Magic:  1/11       EV: 11    Int: 20    God:
Gold:   168        SH:  4    Dex: 12    Spells: 9/12 levels left

rFire    . . .     SeeInvis .   w - staff of air
rCold    . . .     Faith    .   h - +0 buckler (curse)
rNeg     . . .     Spirit   .   a - +0 robe
rPois    +         Reflect  .   (no helmet)
rElec    +         Harm     .   v - +2 cloak
rCorr    .         Rampage  .   (no gloves)
Will     .....                  (no boots)
Stlth    ++........             (no amulet)
HPRegen  0.11/turn              S - +6 ring of strength
MPRegen  0.12/turn              P - ring of poison resistance

@: no status effects
A: claws 1, miasma immunity
a: no special abilities


You were on level 3 of the Dungeon.
You visited 1 branch of the dungeon, and saw 3 of its levels.

You collected 168 gold pieces.


Innate Abilities, Weirdness & Mutations

You have sharp fingernails.
You are immune to miasma.


   Skills:
 - Level 1.7 Dodging
 - Level 1.7 Stealth
 + Level 1.7 Shields
 * Level 4.0 Spellcasting
 + Level 4.8 Conjurations


You had 9 spell levels left.
You knew the following spells:

 Your Spells              Type           Power        Failure   Level
m - Magic Dart            Conj           92%          2%          1
s - Searing Ray           Conj           46%          3%          2

Your spell library contained the following spells:

 Spells                   Type           Power        Failure   Level
 Dazzling Flash           Conj/Hex       26%          19%         3
 Fulminant Prism          Conj/Hex       6%           52%         4
 Iskenderun's Mystic Bla  Conj/Tloc      13%          52%         4

Inventory:

Hand Weapons
 d - a +0 hand axe
   (You found it on level 1 of the Dungeon)
Missiles
 q - 8 javelins
Armour
 a - a +0 robe (worn)
 h - a cursed +0 buckler (worn)
   (You found it on level 1 of the Dungeon)
 v - a +2 cloak (worn)
   (You found it on level 3 of the Dungeon)
Magical Staves
 w - an uncursed staff of air (weapon)
   (You found it on level 3 of the Dungeon)
Jewellery
 P - a ring of poison resistance (right claw)
   (You found it on level 1 of the Dungeon)
 S - a +6 ring of strength (left claw)
   (You found it on level 2 of the Dungeon)
Scrolls
 g - 3 scrolls of teleportation {unknown}
 l - 3 scrolls of fog {unknown}
 m - 3 scrolls of fear {unknown}
 n - a scroll of remove curse {unknown}
 p - a scroll of immolation {unknown}
Potions
 b - a potion of invisibility {unknown}
 c - 3 potions of heal wounds {unknown}
 e - 3 potions of curing {unknown}
 f - a potion of flight {unknown}
 i - a potion of resistance {unknown}
 j - a potion of berserk rage {unknown}
 k - a potion of lignification {unknown}
 o - a potion of magic {unknown}
 r - 2 potions of degeneration {unknown}
 s - a potion of ambrosia {unknown}
 t - 2 potions of haste {unknown}
 u - 3 potions of brilliance {unknown}

Dungeon Overview and Level Annotations

Branches:
Dungeon (3/15)

Altars:
Dithmenos
Nemelex Xobeh

Annotations:
D:3 Grinder

....# ###.# ....#
..#.# ##....# .....
#.....###.##.#
#))...#....#.#
#†#####.#..#.#
#........###.##
######..............
#..@5.........##....
#.####........##....
#. #........##.... #
#........##....
###########....
#........ #.###....
##†## #.#


You could see Grinder.


Message History

You lost 1 mp, and now have 2/10 mp.
You hit the bat. The bat hits you. 😕 HP[-1]
You take 1 damage, and now have 34/35 hp.
You hit the orc but do no damage. The bat closely misses you.
The orc hits you with a +2 vorpal falchion. x2 😮 HP[-10]
You take 10 damage, and now have 24/35 hp.
MASSIVE DAMAGE!! (PAUSE)
The bat hits you.
Casting: Magic Dart (safe; 2% risk of failure)
Confirm with . or Enter, or press ? or * to list all spells.
Aiming: Searing Ray (safe; 3% risk of failure)
Press: ? - help, Shift-Dir - straight line, f/p - orc
Aim: an orc, wielding a +2 vorpal falchion and wearing a +0 scale mail (heavily wounded, 19% to evade)
The searing ray hits the bat.
You kill the bat!
The searing ray hits the orc.
You kill the orc! (Press . to maintain the ray.)
Your Spellcasting skill increases to level 4! 😮 MP[-2]
You lost 2 mp, and now have 0/11 mp.
A bat comes into view. 😮 HP[+2] MP[+3]
You regained 2 hp, and now have 26/35 hp.
You regained 3 mp, and now have 3/11 mp.
You are too injured to fight recklessly!
An adder comes into view.
The adder hisses angrily.
You see here a goblin corpse.
The bat barely misses you. The adder completely misses you.
Casting: Searing Ray (safe; 3% risk of failure)
Confirm with . or Enter, or press ? or * to list all spells.
Aiming: Searing Ray (safe; 3% risk of failure)
Press: ? - help, Shift-Dir - straight line, f - bat
Aim: a bat (34% to evade)
The searing ray hits the adder!
The searing ray hits the bat!
You kill the bat! (Press . to maintain the ray.)
The adder barely misses you. 😕 HP[+1] MP[-1]
You lost 1 mp, and now have 2/11 mp.
The searing ray misses the adder.
The adder bites you but does no damage. 😕 MP[-1]
You lost 1 mp, and now have 1/11 mp.
The searing ray hits the adder.
You kill the adder! 😕 MP[-1]
You lost 1 mp, and now have 0/11 mp.
Grinder comes into view. 😕 HP[+6] MP[+7]
You regained 6 hp, and now have 33/35 hp.
You regained 7 mp, and now have 7/11 mp.
You aren't carrying any items that you can evoke.
Okay, then.
Casting: Searing Ray (safe; 3% risk of failure)
Confirm with . or Enter, or press ? or * to list all spells.
Aiming: Searing Ray (safe; 3% risk of failure)
Press: ? - help, Shift-Dir - straight line, f - Grinder
Aim: Grinder (wandering, hasn't noticed you, 25% to evade)
The searing ray hits Grinder! (Press . to maintain the ray.) 😕 MP[-2]
You lost 2 mp, and now have 5/11 mp.
The searing ray hits Grinder. 😕 HP[+1] MP[-1]
You lost 1 mp, and now have 4/11 mp.
The searing ray misses Grinder.
Grinder hits you!
You writhe in agony. 😮 HP[-15] MP[-1]
You take 15 damage, and now have 19/35 hp.
MASSIVE DAMAGE!! (PAUSE)
You lost 1 mp, and now have 3/11 mp.
The searing ray hits Grinder.
You finish channeling your searing ray.
Grinder barely misses you. 😮 MP[-1]
You lost 1 mp, and now have 2/11 mp.
You hit Grinder but do no damage. You block Grinder's attack. 😮 MP[+1]
You hit Grinder. Grinder hits you.
* * * LOW HITPOINT WARNING * * *
You writhe in agony.
* * * LOW HITPOINT WARNING * * *
Grinder hits you.
* * * LOW HITPOINT WARNING * * *
You writhe in agony.
* * * LOW HITPOINT WARNING * * *
😱 HP[-12]
You take 12 damage, and now have 7/35 hp.
MASSIVE DAMAGE!! (PAUSE)
Casting: Searing Ray (safe; 3% risk of failure)
Confirm with . or Enter, or press ? or * to list all spells.
Aiming: Searing Ray (safe; 3% risk of failure)
Press: ? - help, Shift-Dir - straight line, f/p - Grinder
Aim: Grinder (heavily wounded, 25% to evade)
The searing ray hits Grinder. (Press . to maintain the ray.) Grinder hits you!
You die...

Skill      XL: |  1  2  3  4  5 |
---------------+----------------+-----
Spellcasting   | 3 4 |  4.0
Shields        | 1 |  1.7
Dodging        | |  1.7
Stealth        | |  1.7
Conjurations   | |  4.8

Action                   |  1- 3 |  4- 6 || total
-------------------------+-------+-------++-------
Melee: Hand axe          |     6 |       ||     6
       Staff             |       |     5 ||     5
 Cast: Magic Dart        |    56 |    13 ||    69
       Searing Ray       |     1 |     7 ||     8
Armor: Robe              |     1 |     2 ||     3
Dodge: Dodged            |     7 |     8 ||    15
Block: Buckler           |       |     2 ||     2

Levels and vault maps discovered:
D:1:      dpeg_arrival_prison, layout_rooms
D:2:      layout_basic, nemelex_xobeh_ov_fountains_minmay,
          grunt_dithmenos_smoke, chequers_garden, st_stairs_12, uniq_natasha
D:3:      layout_basic, nicolae_overflow_hidden_temple, minmay_guardbox,
          uniq_ijyb, uniq_jessica, uniq_sigmund, uniq_terence, uniq_grinder

Notes
Turn   | Place    | Note
-------+----------+-------------------------------------------
     0 | D:1      | phalm the Demonspawn Conjurer began the quest for the Orb.
     0 | D:1      | Reached XP level 1. HP: 13/13 MP: 3/3
     0 | D:1      | magus.rc [v1.9.10]
   250 | D:1      | You feel monstrous as your demonic heritage exerts itself.
   250 | D:1      | Gained mutation: You have sharp fingernails. [demonic
                  | ancestry]
   250 | D:1      | Reached XP level 2. HP: 19/19 MP: 1/5
   272 | D:1      | Learned a level 2 spell: Searing Ray
   962 | D:2      | Noticed Natasha
   977 | D:2      | Killed Natasha
   978 | D:2      | Reached skill level 3 in Spellcasting
   978 | D:2      | Reached XP level 3. HP: 9/24 MP: 1/7
  1487 | D:2      | Found a shadowy altar of Dithmenos.
  1621 | D:2      | Noticed Natasha
  1625 | D:2      | Killed Natasha
  1626 | D:2      | Reached skill level 1 in Shields
  1626 | D:2      | Gained mutation: You are immune to miasma. [demonic
                  | ancestry]
  1626 | D:2      | Reached XP level 4. HP: 30/30 MP: 3/9
  1713 | D:2      | Found a sparkling altar of Nemelex Xobeh.
  1928 | D:2      | Noticed Natasha
  1936 | D:2      | Killed Natasha
  2339 | D:3      | Noticed Terence
  2343 | D:3      | Killed Terence
  2344 | D:3      | Reached XP level 5. HP: 35/35 MP: 4/10
  2356 | D:3      | Reached skill level 4 in Spellcasting
  2442 | D:3      | Noticed Grinder
  2448 | D:3      | HP: 7/35 [Grinder (4)]
  2449 | D:3      | Slain by Grinder

Vanquished Creatures
  Terence (D:3)
  Natasha (thrice) (D:2)
  A gnoll (D:2)
  2 adders (D:3)
  A dart slug (D:2)
  2 leopard geckos (D:1)
  2 orcs
  9 bats
  2 giant cockroaches
  2 hobgoblins (D:1)
  4 jackals (D:2)
  2 kobolds
  A quokka (D:2)
  2 ball pythons
  A frilled lizard (D:2)
  3 goblins
  6 rats
44 creatures vanquished.

Table legend:
 A = Non-vault XP
 B = Vault XP
 C = Vault XP percentage of total XP
 D = Non-vault monster count
 E = Vault monster count
 F = Vault count percentage of total count
                 A         B        C        D         E       F
            +---------+---------+-------+---------+---------+-------
      Total |     144 |     107 |  42.6 |      36 |       8 |  18.2
            +---------+---------+-------+---------+---------+-------
        D:1 |      29 |       1 |   3.3 |      17 |       1 |   5.6
        D:2 |      98 |      51 |  34.2 |      15 |       3 |  16.7
        D:3 |      17 |      55 |  76.4 |       4 |       4 |  50.0
            +---------+---------+-------+---------+---------+-------

Illustrated notes

Table legend:
 A = Kills in this place as a percentage of kills in entire the game.
 B = Kills by you in this place as a percentage of kills by you in the entire game.
 C = Kills by friends in this place as a percentage of kills by friends in the entire game.
 D = Other kills in this place as a percentage of other kills in the entire game.
 E = Experience gained in this place as a percentage of experience gained in the entire game.
 F = Experience gained in this place divided by the number of levels of this place that you have seen.
                   A       B       C       D       E      F
               +-------+-------+-------+-------+-------+----------------------
         Total | 100.0 | 100.0 |   N/A |   N/A | 100.0 |  83.7
       Dungeon | 100.0 | 100.0 |   N/A |   N/A | 100.0 |  83.7
               +-------+-------+-------+-------+-------+----------------------

Table legend: (Time is in decaauts)
 A = Elapsed time spent in this place.
 B = Non-inter-level travel time spent in this place.
 C = Inter-level travel time spent in this place.
 D = Time resting spent in this place.
 E = Time spent auto-exploring this place.
 F = Levels seen in this place.
 G = Mean time per level.
                   A        B        C        D        E       F      G
               +--------+--------+--------+--------+--------+-----+--------+
         Total |   2448 |   2371 |     77 |     29 |   2110 |   3 |  816.0 |
       Dungeon |   2448 |   2371 |     77 |     29 |   2110 |   3 |  816.0 |
               +--------+--------+--------+--------+--------+-----+--------+

Top non-repeatable levels by time:
     D:2: 1370 daAuts
     D:1: 875 daAuts
     D:3: 202 daAuts
